[ AOE2 MATCH · #474467983 ]
UnrankedVietnamese vs Khmer
[ REPLAY ANALYSIS · EXTRACTED FROM THE RECORDED GAME ]
Feudal
16:26
Castle
35:19
Imperial
55:06
| APM avg | 21.9 |
| APM peak | 79 |
| eAPM avg | 8.5 |
| Villagers / military | 74 / 44 |
Focus
⚔️ 25.5% · 🌾 74.5%
Rattan Archer ×15 · Scout Cavalry ×15 · Militia ×5 · Knight ×4 · Trebuchet (Packed) ×4 · Monk ×1
Feudal
10:28
Castle
22:38
Imperial
31:35
| APM avg | 32.1 |
| APM peak | 76 |
| eAPM avg | 21.0 |
| Villagers / military | 213 / 50 |
Focus
⚔️ 23.9% · 🌾 76.1%
Scorpion ×35 · Spearman ×7 · Fishing Ship ×7 · Scout Cavalry ×4 · Monk ×2 · Knight ×2
Feudal
—
Castle
—
Imperial
—
| APM avg | 13.4 |
| APM peak | 31 |
| eAPM avg | 10.4 |
| Villagers / military | 168 / 222 |
Focus
⚔️ 23.0% · 🌾 77.0%
Berserk ×217 · Fishing Ship ×7 · Militia ×5
Feudal
9:43
Castle
15:38
Imperial
34:00
| APM avg | 18.4 |
| APM peak | 47 |
| eAPM avg | 12.1 |
| Villagers / military | 87 / 265 |
Focus
⚔️ 26.1% · 🌾 73.9%
Camel Scout ×90 · Chakram Thrower ×90 · Shrivamsha Rider ×72 · Trade Cog ×15 · Fishing Ship ×5 · Scout Cavalry ×5
Feudal
—
Castle
—
Imperial
—
| APM avg | 23.3 |
| APM peak | 65 |
| eAPM avg | 15.1 |
| Villagers / military | 123 / 249 |
Focus
⚔️ 39.1% · 🌾 60.9%
Knight ×247 · Monk ×2
Feudal
10:34
Castle
16:09
Imperial
37:14
| APM avg | 32.2 |
| APM peak | 60 |
| eAPM avg | 19.2 |
| Villagers / military | 120 / 286 |
Focus
⚔️ 38.0% · 🌾 62.0%
Steppe Lancer ×203 · Scout Cavalry ×73 · Trebuchet (Packed) ×8 · Trade Cog ×7 · Fishing Ship ×7 · Unknown (1911) ×6
Feudal
9:55
Castle
15:09
Imperial
32:27
| APM avg | 26.4 |
| APM peak | 71 |
| eAPM avg | 18.0 |
| Villagers / military | 118 / 240 |
Focus
⚔️ 41.0% · 🌾 59.0%
Spearman ×129 · Militia ×40 · Scorpion ×34 · Centurion ×34 · Fishing Ship ×3 · Knight ×2
Feudal
9:39
Castle
15:11
Imperial
30:37
| APM avg | 28.7 |
| APM peak | 67 |
| eAPM avg | 14.3 |
| Villagers / military | 88 / 252 |
Focus
⚔️ 46.3% · 🌾 53.7%
Shotel Warrior ×124 · Spearman ×120 · Demolition Raft ×4 · Fishing Ship ×3 · Trebuchet (Packed) ×3 · Monk ×1
Match map
Initial resources + every placement click. Lines = walls · curves = elevation contours. ◆ gold · ⬟ stone · ● berries · ✦ relic · ◌ wall gap
Inputs per minute
— Fekir - - VL AlverthXIII
Build order — Fekir
First 150 of 263 actions detected
| 0:11 | Create | Villager (Male) |
| 0:11 | Create | Villager (Male) |
| 0:11 | Create | Villager (Male) |
| 0:12 | Create | Villager (Male) |
| 0:48 | Build | House |
| 1:49 | Create | Villager (Male) |
| 1:49 | Create | Villager (Male) |
| 2:50 | Build | House |
| 3:08 | Create | Villager (Male) |
| 3:08 | Create | Villager (Male) |
| 3:09 | Create | Villager (Male) |
| 3:48 | Build | House |
| 3:53 | Build | House |
| 3:55 | Build | House |
| 4:12 | Build | Lumber Camp |
| 4:33 | Create | Villager (Male) |
| 4:34 | Create | Villager (Male) |
| 4:47 | Create | Villager (Male) |
| 4:47 | Create | Villager (Male) |
| 5:54 | Create | Villager (Male) |
| 5:54 | Create | Villager (Male) |
| 5:55 | Create | Villager (Male) |
| 6:16 | Build | Palisade Wall |
| 6:29 | Build | Palisade Wall |
| 6:39 | Create | Villager (Male) |
| 6:40 | Create | Villager (Male) |
| 6:40 | Create | Villager (Male) |
| 6:56 | Build | Mill |
| 7:22 | Build | Farm |
| 7:24 | Build | Farm |
| 7:27 | Build | Farm |
| 7:33 | Build | Farm |
| 7:36 | Build | Farm |
| 7:42 | Build | Farm |
| 8:09 | Build | Farm |
| 8:29 | Build | Farm |
| 9:00 | Create | Villager (Male) |
| 9:01 | Create | Villager (Male) |
| 9:01 | Create | Villager (Male) |
| 9:14 | Build | Palisade Wall |
| 9:19 | Build | Palisade Wall |
| 9:24 | Create | Villager (Male) |
| 9:37 | Build | Farm |
| 9:59 | Build | Farm |
| 10:15 | Build | Palisade Wall |
| 10:17 | Build | Palisade Wall |
| 10:30 | Build | Farm |
| 10:54 | Create | Villager (Male) |
| 10:54 | Create | Villager (Male) |
| 10:54 | Create | Villager (Male) |
| 11:19 | Build | Mill |
| 11:31 | Build | Farm |
| 11:40 | Create | Villager (Male) |
| 11:40 | Create | Villager (Male) |
| 11:41 | Create | Villager (Male) |
| 12:04 | Build | Farm |
| 12:25 | Build | Farm |
| 12:38 | Build | Farm |
| 12:46 | Build | Farm |
| 13:13 | Build | House |
| 13:15 | Build | House |
| 13:17 | Build | House |
| 13:26 | Build | Farm |
| 14:08 | Research | Feudal Age |
| 14:32 | Build | Mining Camp |
| 15:03 | Build | Barracks |
| 16:13 | Create | Militia |
| 16:13 | Create | Militia |
| 16:13 | Create | Militia |
| 16:26 | Age | Feudal Age |
| 16:30 | Research | Man-at-Arms (upgrade) |
| 16:40 | Create | Villager (Male) |
| 16:40 | Create | Villager (Male) |
| 16:41 | Create | Villager (Male) |
| 16:41 | Create | Villager (Male) |
| 16:41 | Create | Villager (Male) |
| 17:17 | Build | Watch Tower |
| 17:54 | Create | Villager (Male) |
| 17:55 | Create | Villager (Male) |
| 17:55 | Create | Villager (Male) |
| 19:06 | Build | Mining Camp |
| 19:10 | Create | Villager (Male) |
| 19:12 | Create | Villager (Male) |
| 19:13 | Create | Villager (Male) |
| 20:43 | Create | Villager (Male) |
| 20:44 | Research | Loom |
| 20:45 | Research | Wheelbarrow |
| 20:50 | Research | Town Watch |
| 20:59 | Build | Watch Tower |
| 21:16 | Create | Villager (Male) |
| 22:34 | Build | Blacksmith |
| 22:56 | Create | Villager (Male) |
| 22:56 | Create | Villager (Male) |
| 23:10 | Build | House |
| 23:10 | Build | House |
| 23:10 | Build | House |
| 23:13 | Build | House |
| 23:15 | Build | House |
| 23:49 | Build | Lumber Camp |
| 24:01 | Build | Stable |
| 24:04 | Research | Fletching |
| 24:05 | Research | Padded Archer Armor |
| 24:05 | Research | Forging |
| 24:06 | Research | Scale Mail Armor |
| 24:06 | Research | Scale Barding Armor |
| 24:11 | Create | Villager (Male) |
| 24:11 | Create | Villager (Male) |
| 24:18 | Build | Farm |
| 24:18 | Build | Farm |
| 24:23 | Build | Farm |
| 24:34 | Create | Militia |
| 24:34 | Create | Militia |
| 24:44 | Build | Farm |
| 25:37 | Build | Stone Wall |
| 25:50 | Build | Farm |
| 26:05 | Build | Stone Wall |
| 26:20 | Build | Farm |
| 26:24 | Create | Villager (Male) |
| 26:24 | Create | Villager (Male) |
| 26:24 | Create | Villager (Male) |
| 26:25 | Create | Villager (Male) |
| 26:25 | Create | Villager (Male) |
| 26:57 | Build | Stone Wall |
| 27:15 | Build | Farm |
| 27:22 | Research | Bloodlines |
| 27:23 | Create | Scout Cavalry |
| 27:23 | Create | Scout Cavalry |
| 28:08 | Build | Watch Tower |
| 28:29 | Build | Market |
| 28:42 | Build | House |
| 28:43 | Build | House |
| 28:45 | Build | House |
| 29:38 | Build | Mining Camp |
| 29:43 | Create | Villager (Male) |
| 29:43 | Create | Villager (Male) |
| 29:44 | Create | Villager (Male) |
| 29:44 | Create | Villager (Male) |
| 29:44 | Create | Villager (Male) |
| 29:45 | Create | Villager (Male) |
| 29:45 | Create | Villager (Male) |
| 30:02 | Build | Stable |
| 30:07 | Create | Scout Cavalry |
| 30:07 | Create | Scout Cavalry |
| 30:08 | Create | Scout Cavalry |
| 30:30 | Build | House |
| 30:30 | Build | House |
| 31:05 | Research | Castle Age |
| 31:22 | Build | Stable |
| 31:38 | Research | Arson |
| 31:54 | Build | House |
Build order — VL AlverthXIII
First 150 of 444 actions detected
| 0:02 | Create | Villager (Male) |
| 0:03 | Create | Villager (Male) |
| 0:05 | Build | House |
| 0:09 | Research | Loom |
| 0:09 | Research | Loom |
| 0:18 | Create | Villager (Male) |
| 0:19 | Create | Villager (Male) |
| 0:24 | Create | Villager (Male) |
| 0:30 | Create | Villager (Male) |
| 1:04 | Build | Lumber Camp |
| 1:25 | Create | Villager (Male) |
| 2:14 | Create | Villager (Male) |
| 2:14 | Create | Villager (Male) |
| 2:22 | Build | House |
| 2:40 | Create | Villager (Male) |
| 2:51 | Create | Villager (Male) |
| 3:06 | Create | Villager (Male) |
| 3:06 | Create | Villager (Male) |
| 3:17 | Create | Villager (Male) |
| 3:23 | Create | Villager (Male) |
| 3:45 | Create | Villager (Male) |
| 4:08 | Build | Mill |
| 4:10 | Create | Villager (Male) |
| 5:00 | Build | House |
| 5:03 | Build | House |
| 5:04 | Create | Villager (Male) |
| 5:20 | Create | Villager (Male) |
| 5:42 | Create | Villager (Male) |
| 6:13 | Create | Villager (Male) |
| 6:32 | Create | Villager (Male) |
| 6:40 | Build | House |
| 6:43 | Build | House |
| 6:47 | Create | Villager (Male) |
| 7:03 | Create | Villager (Male) |
| 7:48 | Build | House |
| 7:50 | Build | Palisade Wall |
| 7:53 | Create | Villager (Male) |
| 8:12 | Build | House |
| 8:18 | Research | Feudal Age |
| 8:18 | Research | Feudal Age |
| 9:10 | Create | Villager (Male) |
| 9:14 | Build | House |
| 9:33 | Create | Villager (Male) |
| 10:01 | Create | Villager (Male) |
| 10:06 | Build | House |
| 10:08 | Build | House |
| 10:28 | Age | Feudal Age |
| 10:40 | Build | Stable |
| 10:48 | Create | Villager (Male) |
| 11:22 | Build | Mining Camp |
| 11:46 | Create | Scout Cavalry |
| 11:47 | Create | Scout Cavalry |
| 11:50 | Build | Farm |
| 11:52 | Create | Scout Cavalry |
| 11:53 | Create | Scout Cavalry |
| 11:55 | Create | Villager (Male) |
| 12:29 | Create | Villager (Male) |
| 12:33 | Create | Villager (Male) |
| 12:38 | Build | Farm |
| 12:42 | Build | Farm |
| 12:46 | Build | Farm |
| 12:55 | Build | Lumber Camp |
| 13:02 | Build | Farm |
| 13:03 | Create | Villager (Male) |
| 13:14 | Create | Villager (Male) |
| 13:26 | Create | Villager (Male) |
| 13:31 | Build | Lumber Camp |
| 13:34 | Create | Villager (Male) |
| 13:41 | Build | Farm |
| 13:43 | Build | Farm |
| 13:59 | Create | Villager (Male) |
| 14:23 | Research | Bloodlines |
| 14:24 | Create | Villager (Male) |
| 14:32 | Create | Villager (Male) |
| 14:41 | Build | Farm |
| 14:43 | Build | Farm |
| 14:45 | Create | Villager (Male) |
| 14:50 | Build | Farm |
| 14:51 | Build | Farm |
| 15:04 | Create | Villager (Male) |
| 15:05 | Create | Villager (Male) |
| 15:13 | Build | Dock |
| 15:38 | Create | Villager (Male) |
| 15:55 | Create | Villager (Male) |
| 16:04 | Build | Blacksmith |
| 16:11 | Build | Building 804 |
| 16:20 | Create | Villager (Male) |
| 16:33 | Build | Farm |
| 16:37 | Build | Farm |
| 16:42 | Create | Villager (Male) |
| 16:50 | Create | Villager (Male) |
| 16:55 | Create | Villager (Male) |
| 17:02 | Research | Wheelbarrow |
| 17:07 | Create | Villager (Male) |
| 17:21 | Build | Farm |
| 17:21 | Build | Farm |
| 17:22 | Build | Farm |
| 17:24 | Build | Farm |
| 17:25 | Build | Farm |
| 17:49 | Create | Villager (Male) |
| 17:56 | Build | House |
| 17:58 | Build | House |
| 18:09 | Research | Scale Barding Armor |
| 18:20 | Research | Scale Barding Armor |
| 18:27 | Create | Villager (Male) |
| 18:30 | Create | Villager (Male) |
| 18:44 | Create | Villager (Male) |
| 19:21 | Research | Forging |
| 19:33 | Create | Villager (Male) |
| 19:45 | Build | Farm |
| 19:55 | Research | Castle Age |
| 20:24 | Create | Villager (Male) |
| 20:40 | Research | Double-Bit Axe |
| 20:41 | Research | Double-Bit Axe |
| 20:43 | Research | Horse Collar |
| 20:52 | Build | Mining Camp |
| 20:57 | Create | Villager (Male) |
| 21:05 | Create | Villager (Male) |
| 21:53 | Create | Villager (Male) |
| 22:08 | Build | Farm |
| 22:09 | Build | Farm |
| 22:09 | Build | Farm |
| 22:11 | Build | Farm |
| 22:20 | Create | Villager (Male) |
| 22:38 | Age | Castle Age |
| 22:42 | Build | Monastery |
| 22:53 | Create | Villager (Male) |
| 23:00 | Research | Bow Saw |
| 23:00 | Research | Bow Saw |
| 23:02 | Research | Heavy Plow |
| 23:03 | Research | Heavy Plow |
| 23:05 | Create | Villager (Male) |
| 23:13 | Create | Villager (Male) |
| 24:48 | Create | Villager (Male) |
| 24:48 | Create | Villager (Male) |
| 24:51 | Build | Farm |
| 24:52 | Build | Farm |
| 24:52 | Build | Farm |
| 24:57 | Create | Villager (Male) |
| 24:57 | Create | Villager (Male) |
| 25:08 | Research | Imperial Age |
| 25:25 | Research | Hand Cart |
| 25:28 | Create | Villager (Male) |
| 25:29 | Create | Villager (Male) |
| 25:33 | Create | Villager (Male) |
| 25:34 | Create | Villager (Male) |
| 25:34 | Create | Villager (Male) |
| 26:03 | Build | Market |
| 26:11 | Build | House |
| 26:15 | Create | Villager (Male) |
Build order — xNFTxNeMeziZGT
First 150 of 337 actions detected
| 0:16 | Research | Loom |
| 0:16 | Create | Villager (Male) |
| 0:17 | Create | Villager (Male) |
| 0:17 | Create | Villager (Male) |
| 0:17 | Create | Villager (Male) |
| 0:18 | Create | Villager (Male) |
| 0:22 | Build | House |
| 0:24 | Build | House |
| 0:27 | Build | House |
| 0:27 | Build | House |
| 1:53 | Create | Villager (Male) |
| 2:18 | Build | Lumber Camp |
| 2:19 | Create | Villager (Male) |
| 2:38 | Create | Villager (Male) |
| 2:50 | Create | Villager (Male) |
| 3:18 | Create | Villager (Male) |
| 3:18 | Create | Villager (Male) |
| 3:18 | Create | Villager (Male) |
| 3:43 | Create | Villager (Male) |
| 3:59 | Create | Villager (Male) |
| 4:29 | Create | Villager (Male) |
| 4:29 | Create | Villager (Male) |
| 4:57 | Create | Villager (Male) |
| 4:57 | Create | Villager (Male) |
| 5:33 | Create | Villager (Male) |
| 5:53 | Create | Villager (Male) |
| 6:05 | Create | Villager (Male) |
| 6:27 | Build | Mill |
| 6:45 | Build | House |
| 6:48 | Build | House |
| 6:49 | Build | House |
| 6:49 | Build | House |
| 7:21 | Build | Farm |
| 7:21 | Build | Farm |
| 7:22 | Build | Farm |
| 7:30 | Create | Villager (Male) ×3 |
| 7:42 | Build | Farm |
| 7:42 | Build | Farm |
| 9:07 | Build | Barracks |
| 9:16 | Create | Villager (Male) ×4 |
| 9:28 | Build | Mining Camp |
| 10:40 | Build | Lumber Camp |
| 11:23 | Research | Feudal Age |
| 11:39 | Build | Farm |
| 11:40 | Build | Farm |
| 11:40 | Build | Farm |
| 11:42 | Build | Farm |
| 11:43 | Build | Farm |
| 11:51 | Build | Barracks |
| 12:34 | Build | Dock |
| 12:41 | Create | Militia ×5 |
| 13:27 | Build | Dock |
| 13:32 | Build | Dock |
| 13:38 | Create | Fishing Ship |
| 14:07 | Create | Fishing Ship |
| 14:14 | Research | Double-Bit Axe |
| 14:49 | Build | Farm |
| 14:49 | Build | Farm |
| 15:13 | Create | Fishing Ship |
| 15:31 | Create | Fishing Ship |
| 15:57 | Create | Fishing Ship |
| 15:58 | Create | Fishing Ship |
| 15:58 | Create | Fishing Ship |
| 16:20 | Create | Villager (Male) |
| 16:20 | Create | Villager (Male) |
| 17:03 | Build | Market |
| 17:54 | Build | Blacksmith |
| 18:34 | Research | Castle Age |
| 19:23 | Build | Archery Range |
| 19:49 | Build | House |
| 19:50 | Build | House |
| 19:51 | Build | House |
| 19:51 | Build | House |
| 19:54 | Build | House |
| 21:21 | Build | Castle |
| 21:41 | Build | Town Center |
| 21:47 | Research | Bow Saw |
| 22:01 | Build | Town Center |
| 22:50 | Create | Villager (Male) |
| 22:50 | Create | Villager (Male) |
| 22:50 | Create | Villager (Male) |
| 22:50 | Create | Villager (Male) |
| 22:50 | Create | Villager (Male) |
| 22:51 | Create | Villager (Male) |
| 22:51 | Create | Villager (Male) |
| 22:52 | Create | Villager (Male) |
| 22:52 | Create | Villager (Male) |
| 22:52 | Create | Villager (Male) |
| 23:13 | Create | Villager (Male) |
| 23:13 | Create | Villager (Male) |
| 23:14 | Create | Villager (Male) |
| 23:15 | Create | Villager (Male) |
| 23:16 | Create | Villager (Male) |
| 23:29 | Build | Lumber Camp |
| 24:32 | Create | Villager (Male) |
| 24:32 | Create | Villager (Male) |
| 24:33 | Create | Villager (Male) |
| 24:47 | Build | Town Center |
| 26:07 | Create | Berserk ×5 |
| 26:15 | Create | Villager (Male) ×5 |
| 26:15 | Create | Villager (Male) |
| 26:16 | Create | Villager (Male) |
| 26:49 | Create | Villager (Male) |
| 26:50 | Create | Villager (Male) |
| 26:50 | Create | Villager (Male) |
| 26:50 | Create | Villager (Male) |
| 26:51 | Create | Villager (Male) |
| 26:51 | Create | Villager (Male) |
| 27:14 | Build | Castle |
| 27:21 | Create | Villager (Male) ×5 |
| 27:23 | Create | Villager (Male) ×5 |
| 27:24 | Create | Villager (Male) ×2 |
| 27:38 | Build | Farm |
| 27:38 | Build | Farm |
| 27:38 | Build | Farm |
| 27:39 | Build | Farm |
| 27:39 | Build | Farm |
| 27:39 | Build | Farm |
| 27:39 | Build | Farm |
| 27:40 | Build | Farm |
| 27:40 | Build | Farm |
| 27:40 | Build | Farm |
| 27:40 | Build | Farm |
| 28:17 | Build | Mining Camp |
| 28:22 | Create | Villager (Male) |
| 28:22 | Create | Villager (Male) |
| 28:23 | Create | Villager (Male) |
| 28:23 | Create | Villager (Male) |
| 28:41 | Build | Town Center |
| 29:00 | Create | Berserk ×3 |
| 29:17 | Build | Farm |
| 29:17 | Build | Farm |
| 29:17 | Build | Farm |
| 29:18 | Build | Farm |
| 29:28 | Build | Farm |
| 29:28 | Build | Farm |
| 29:29 | Build | Farm |
| 29:29 | Build | Farm |
| 29:33 | Create | Villager (Male) ×5 |
| 29:39 | Build | Mining Camp |
| 29:59 | Build | Castle |
| 30:28 | Create | Villager (Male) ×5 |
| 30:30 | Create | Villager (Male) ×5 |
| 30:31 | Create | Villager (Male) |
| 30:35 | Create | Berserk |
| 31:00 | Build | Farm |
| 31:00 | Build | Farm |
| 31:00 | Build | Farm |
| 31:00 | Build | Farm |
| 31:10 | Build | Fish Trap |
Build order — Low Income Barony
First 150 of 315 actions detected
| 0:06 | Build | House |
| 0:08 | Build | House |
| 0:23 | Create | Villager (Male) ×4 |
| 1:12 | Create | Villager (Male) |
| 1:12 | Create | Villager (Male) |
| 1:37 | Build | Mill |
| 1:38 | Create | Villager (Male) |
| 2:18 | Create | Villager (Male) |
| 3:08 | Build | Lumber Camp |
| 3:22 | Create | Villager (Male) |
| 3:26 | Build | House |
| 3:55 | Create | Villager (Male) |
| 3:56 | Create | Villager (Male) |
| 3:56 | Create | Villager (Male) |
| 3:56 | Create | Villager (Male) |
| 3:56 | Create | Villager (Male) |
| 4:48 | Build | House |
| 5:20 | Create | Villager (Male) |
| 5:20 | Create | Villager (Male) |
| 5:49 | Create | Villager (Male) |
| 5:49 | Create | Villager (Male) |
| 7:33 | Research | Feudal Age |
| 7:46 | Build | Mining Camp |
| 8:08 | Build | Farm |
| 8:09 | Build | Farm |
| 8:09 | Build | Farm |
| 8:09 | Build | Farm |
| 8:14 | Build | House |
| 8:41 | Build | Barracks |
| 8:44 | Build | House |
| 8:45 | Build | House |
| 8:46 | Build | House |
| 9:43 | Age | Feudal Age |
| 9:44 | Build | Market |
| 9:48 | Research | Double-Bit Axe |
| 9:49 | Create | Villager (Male) |
| 9:49 | Create | Villager (Male) |
| 9:49 | Create | Villager (Male) |
| 10:09 | Research | Loom |
| 10:10 | Create | Villager (Male) |
| 10:10 | Create | Villager (Male) |
| 11:01 | Build | Stone Wall |
| 11:05 | Build | Blacksmith |
| 11:09 | Create | Villager (Male) |
| 11:15 | Build | Farm |
| 11:44 | Build | Dock |
| 12:11 | Build | Farm |
| 12:40 | Create | Demolition Raft |
| 12:40 | Create | Demolition Raft |
| 12:45 | Create | Fishing Ship |
| 12:46 | Create | Fishing Ship |
| 12:52 | Build | Building 490 |
| 12:58 | Research | Castle Age |
| 12:58 | Research | Castle Age |
| 13:15 | Build | Mining Camp |
| 13:44 | Research | Tech 906 |
| 13:45 | Create | Fishing Ship |
| 15:09 | Create | Demolition Raft |
| 15:10 | Create | Demolition Raft |
| 15:38 | Age | Castle Age |
| 15:43 | Build | Town Center |
| 15:46 | Research | Wheelbarrow |
| 15:49 | Research | Bow Saw |
| 16:01 | Create | Fishing Ship |
| 16:01 | Create | Fishing Ship |
| 16:32 | Build | Barracks |
| 16:36 | Create | Villager (Male) |
| 16:37 | Create | Villager (Male) |
| 16:37 | Create | Villager (Male) |
| 16:37 | Create | Villager (Male) |
| 17:07 | Build | Stable |
| 17:41 | Create | Villager (Male) |
| 18:10 | Build | Stable |
| 18:18 | Build | Farm |
| 18:22 | Create | Villager (Male) |
| 18:22 | Create | Villager (Male) |
| 18:22 | Create | Villager (Male) |
| 18:52 | Create | Villager (Male) |
| 18:52 | Create | Villager (Male) |
| 19:08 | Create | Villager (Male) |
| 19:08 | Create | Villager (Male) |
| 19:47 | Create | Camel Scout |
| 19:47 | Create | Camel Scout |
| 19:54 | Build | Farm |
| 19:54 | Build | Farm |
| 19:54 | Build | Farm |
| 20:38 | Research | Husbandry |
| 20:52 | Build | Town Center |
| 21:07 | Create | Villager (Male) |
| 21:07 | Create | Villager (Male) |
| 21:07 | Create | Villager (Male) |
| 21:07 | Create | Villager (Male) |
| 21:07 | Create | Villager (Male) |
| 21:20 | Build | Farm |
| 21:21 | Build | Farm |
| 21:21 | Build | Farm |
| 21:21 | Build | Farm |
| 22:09 | Research | Gold Mining |
| 22:09 | Research | Stone Mining |
| 22:16 | Create | Villager (Male) |
| 22:16 | Create | Villager (Male) |
| 22:17 | Create | Villager (Male) |
| 22:29 | Build | Stone Wall |
| 22:37 | Create | Villager (Male) |
| 22:37 | Create | Villager (Male) |
| 22:39 | Create | Villager (Male) |
| 22:45 | Build | Farm |
| 22:53 | Create | Villager (Male) |
| 22:53 | Create | Villager (Male) |
| 23:30 | Create | Villager (Male) |
| 23:31 | Create | Villager (Male) |
| 23:31 | Create | Villager (Male) |
| 23:31 | Create | Villager (Male) |
| 23:31 | Create | Villager (Male) |
| 23:37 | Build | House |
| 23:39 | Build | House |
| 23:44 | Build | House |
| 24:05 | Research | Bloodlines |
| 24:14 | Create | Villager (Male) |
| 24:14 | Create | Villager (Male) |
| 24:14 | Create | Villager (Male) |
| 24:14 | Create | Villager (Male) |
| 24:14 | Create | Villager (Male) |
| 24:15 | Create | Villager (Male) |
| 24:15 | Create | Villager (Male) |
| 24:30 | Build | Monastery |
| 24:54 | Build | Town Center |
| 24:56 | Build | House |
| 24:57 | Build | House |
| 24:58 | Build | House |
| 24:58 | Build | House |
| 24:58 | Build | House |
| 24:59 | Build | House |
| 25:00 | Build | House |
| 25:08 | Build | House |
| 25:09 | Build | House |
| 25:11 | Build | House |
| 25:13 | Build | House |
| 25:16 | Build | Stone Wall |
| 25:21 | Create | Villager (Male) |
| 25:21 | Create | Villager (Male) |
| 25:21 | Create | Villager (Male) |
| 25:21 | Create | Villager (Male) |
| 25:22 | Create | Villager (Male) |
| 25:22 | Create | Villager (Male) |
| 25:31 | Create | Monk |
| 25:40 | Create | Villager (Male) |
| 25:41 | Create | Villager (Male) |
| 25:41 | Create | Villager (Male) |
| 25:41 | Create | Villager (Male) |
Build order — xNFTxLethalZGT
First 150 of 534 actions detected
| 0:06 | Create | Villager (Male) |
| 0:06 | Create | Villager (Male) |
| 0:06 | Create | Villager (Male) |
| 0:06 | Create | Villager (Male) |
| 0:07 | Create | Villager (Male) |
| 0:10 | Build | House |
| 0:16 | Build | House |
| 0:26 | Build | House |
| 1:00 | Build | Mill |
| 2:03 | Create | Villager (Male) |
| 2:03 | Create | Villager (Male) |
| 2:24 | Create | Villager (Male) |
| 2:24 | Create | Villager (Male) |
| 2:43 | Create | Villager (Male) |
| 3:20 | Create | Villager (Male) |
| 3:21 | Create | Villager (Male) |
| 3:21 | Create | Villager (Male) |
| 3:51 | Build | Lumber Camp |
| 3:56 | Create | Villager (Male) |
| 3:56 | Create | Villager (Male) |
| 3:57 | Create | Villager (Male) |
| 5:44 | Research | Feudal Age |
| 6:19 | Build | House |
| 7:03 | Build | House |
| 7:23 | Create | Villager (Male) |
| 7:23 | Create | Villager (Male) |
| 7:23 | Create | Villager (Male) |
| 7:23 | Create | Villager (Male) |
| 7:23 | Create | Villager (Male) |
| 7:24 | Create | Villager (Male) |
| 7:47 | Build | Mining Camp |
| 9:11 | Research | Double-Bit Axe |
| 9:42 | Create | Villager (Male) |
| 9:42 | Create | Villager (Male) |
| 9:42 | Create | Villager (Male) |
| 9:42 | Create | Villager (Male) |
| 10:01 | Build | Farm |
| 10:30 | Build | Market |
| 10:36 | Build | Farm |
| 10:51 | Build | Farm |
| 10:52 | Build | Farm |
| 10:53 | Build | Farm |
| 10:55 | Build | Farm |
| 11:18 | Build | Farm |
| 11:44 | Build | Farm |
| 11:59 | Build | Blacksmith |
| 12:42 | Build | Farm |
| 12:44 | Build | Farm |
| 12:55 | Build | Farm |
| 12:58 | Build | Farm |
| 13:40 | Research | Castle Age |
| 14:41 | Build | Lumber Camp |
| 14:46 | Create | Villager (Male) |
| 14:46 | Create | Villager (Male) |
| 14:47 | Create | Villager (Male) |
| 14:47 | Create | Villager (Male) |
| 14:47 | Create | Villager (Male) |
| 14:48 | Create | Villager (Male) |
| 14:58 | Build | House |
| 15:00 | Build | House |
| 15:01 | Build | House |
| 15:03 | Build | House |
| 15:22 | Research | Gold Mining |
| 16:27 | Build | Town Center |
| 16:53 | Research | Bow Saw |
| 17:28 | Create | Villager (Male) |
| 17:28 | Create | Villager (Male) |
| 17:28 | Create | Villager (Male) |
| 17:28 | Create | Villager (Male) |
| 17:29 | Create | Villager (Male) |
| 17:29 | Create | Villager (Male) |
| 17:29 | Create | Villager (Male) |
| 17:29 | Create | Villager (Male) |
| 18:12 | Build | Barracks |
| 19:08 | Build | Stable |
| 19:29 | Build | Town Center |
| 19:32 | Create | Villager (Male) |
| 19:32 | Create | Villager (Male) |
| 19:33 | Create | Villager (Male) |
| 19:33 | Create | Villager (Male) |
| 19:33 | Create | Villager (Male) |
| 19:33 | Create | Villager (Male) |
| 20:01 | Build | House |
| 20:02 | Build | House |
| 20:04 | Build | House |
| 20:06 | Build | House |
| 20:14 | Create | Knight |
| 20:14 | Create | Knight |
| 20:14 | Create | Knight |
| 20:14 | Create | Knight |
| 20:15 | Create | Knight |
| 20:15 | Create | Knight |
| 20:24 | Create | Knight |
| 20:39 | Build | Monastery |
| 21:14 | Create | Villager (Male) |
| 21:15 | Create | Villager (Male) |
| 21:15 | Create | Villager (Male) |
| 21:15 | Create | Villager (Male) |
| 21:23 | Create | Monk |
| 21:40 | Create | Villager (Male) |
| 21:40 | Create | Villager (Male) |
| 21:40 | Create | Villager (Male) |
| 21:47 | Build | Farm |
| 21:47 | Build | Farm |
| 21:47 | Build | Farm |
| 21:48 | Build | Farm |
| 21:48 | Build | Farm |
| 21:48 | Build | Farm |
| 21:48 | Build | Farm |
| 21:48 | Build | Farm |
| 21:49 | Build | Farm |
| 21:49 | Build | Farm |
| 21:58 | Create | Villager (Male) |
| 21:58 | Create | Villager (Male) |
| 21:59 | Create | Villager (Male) |
| 22:26 | Build | House |
| 22:30 | Build | House |
| 23:41 | Build | Mining Camp |
| 23:50 | Build | Castle |
| 23:57 | Build | Lumber Camp |
| 26:02 | Research | Imperial Age |
| 26:08 | Create | Monk |
| 26:19 | Research | Gold Shaft Mining |
| 26:31 | Build | Farm |
| 26:31 | Build | Farm |
| 26:32 | Build | Farm |
| 26:32 | Build | Farm |
| 26:32 | Build | Farm |
| 26:32 | Build | Farm |
| 26:34 | Build | Farm |
| 26:34 | Build | Farm |
| 26:34 | Build | Farm |
| 26:34 | Build | Farm |
| 26:35 | Build | Farm |
| 26:35 | Build | Farm |
| 27:07 | Build | House |
| 27:08 | Build | House |
| 27:09 | Build | House |
| 27:10 | Build | House |
| 27:12 | Build | House |
| 27:16 | Build | House |
| 27:22 | Create | Villager (Male) |
| 27:22 | Create | Villager (Male) |
| 27:22 | Create | Villager (Male) |
| 27:23 | Research | Wheelbarrow |
| 27:47 | Research | Forging |
| 28:15 | Create | Knight |
| 28:16 | Create | Knight |
| 28:16 | Create | Knight |
| 28:16 | Create | Knight |
Build order — Xiweb
First 150 of 553 actions detected
| 0:03 | Create | Villager (Male) |
| 0:03 | Create | Villager (Male) |
| 0:06 | Build | House |
| 0:09 | Build | House |
| 0:18 | Research | Loom |
| 0:19 | Create | Villager (Male) |
| 0:19 | Create | Villager (Male) |
| 1:05 | Create | Villager (Male) |
| 1:06 | Create | Villager (Male) |
| 1:06 | Create | Villager (Male) |
| 1:23 | Create | Villager (Male) |
| 1:24 | Create | Villager (Male) |
| 2:03 | Build | Lumber Camp |
| 2:12 | Create | Villager (Male) |
| 2:12 | Create | Villager (Male) |
| 2:12 | Create | Villager (Male) |
| 2:29 | Create | Villager (Male) |
| 3:10 | Build | House |
| 3:14 | Build | House |
| 3:29 | Create | Villager (Male) |
| 4:26 | Build | Dock |
| 4:37 | Create | Villager (Male) |
| 4:38 | Create | Villager (Male) |
| 5:11 | Create | Fishing Ship |
| 5:19 | Create | Villager (Male) |
| 5:29 | Build | Mill |
| 5:33 | Create | Villager (Male) |
| 5:52 | Create | Fishing Ship |
| 5:55 | Create | Villager (Male) |
| 6:14 | Build | House |
| 6:15 | Build | House |
| 6:20 | Create | Villager (Male) |
| 7:02 | Create | Villager (Male) |
| 7:05 | Create | Fishing Ship |
| 7:05 | Create | Fishing Ship |
| 7:47 | Create | Villager (Male) |
| 8:20 | Create | Villager (Male) |
| 8:24 | Research | Feudal Age |
| 8:30 | Create | Fishing Ship |
| 8:30 | Create | Fishing Ship |
| 8:55 | Create | Villager (Male) |
| 9:08 | Build | Barracks |
| 9:45 | Create | Villager (Male) |
| 10:00 | Build | Palisade Wall |
| 10:13 | Build | Palisade Wall |
| 10:34 | Age | Feudal Age |
| 11:05 | Build | Stable |
| 11:07 | Create | Villager (Male) |
| 11:18 | Build | Lumber Camp |
| 11:22 | Create | Villager (Male) |
| 11:34 | Build | House |
| 12:02 | Build | House |
| 12:13 | Create | Villager (Male) |
| 12:33 | Create | Villager (Male) |
| 12:47 | Build | Blacksmith |
| 12:53 | Research | Double-Bit Axe |
| 12:59 | Create | Villager (Male) |
| 13:19 | Research | Castle Age |
| 13:19 | Research | Castle Age |
| 13:36 | Build | Mining Camp |
| 13:45 | Build | Mining Camp |
| 13:46 | Create | Villager (Male) |
| 14:17 | Build | Farm |
| 14:22 | Research | Horse Collar |
| 14:25 | Build | Farm |
| 14:40 | Build | Farm |
| 14:42 | Build | Farm |
| 15:12 | Build | Farm |
| 15:55 | Research | Forging |
| 16:09 | Age | Castle Age |
| 16:14 | Create | Steppe Lancer |
| 16:14 | Create | Steppe Lancer |
| 16:26 | Build | Town Center |
| 16:36 | Create | Villager (Male) |
| 16:44 | Create | Villager (Male) |
| 17:14 | Research | Scale Barding Armor |
| 17:16 | Create | Steppe Lancer |
| 17:18 | Create | Villager (Male) |
| 17:31 | Build | Town Center |
| 17:45 | Create | Steppe Lancer |
| 18:01 | Create | Villager (Male) |
| 18:05 | Build | Farm |
| 18:06 | Build | Farm |
| 18:11 | Build | Farm |
| 18:11 | Build | Farm |
| 18:11 | Build | Farm |
| 18:12 | Build | Farm |
| 18:12 | Build | Farm |
| 18:37 | Create | Villager (Male) |
| 18:43 | Create | Villager (Male) |
| 18:55 | Create | Villager (Male) |
| 19:01 | Create | Fishing Ship |
| 19:07 | Create | Villager (Male) |
| 19:08 | Create | Villager (Male) |
| 19:18 | Build | Farm |
| 19:22 | Build | Farm |
| 19:22 | Build | Farm |
| 19:23 | Build | Farm |
| 19:39 | Create | Villager (Male) |
| 19:42 | Create | Villager (Male) |
| 19:48 | Build | Farm |
| 19:49 | Build | Farm |
| 19:49 | Build | Farm |
| 20:01 | Create | Villager (Male) |
| 20:02 | Create | Villager (Male) |
| 20:18 | Build | Castle |
| 20:22 | Create | Villager (Male) |
| 20:26 | Create | Villager (Male) |
| 20:32 | Build | House |
| 20:34 | Build | House |
| 20:35 | Build | House |
| 20:43 | Create | Villager (Male) |
| 20:59 | Build | Lumber Camp |
| 21:07 | Create | Villager (Male) |
| 21:11 | Build | Farm |
| 21:12 | Create | Villager (Male) |
| 21:15 | Create | Villager (Male) |
| 21:27 | Research | Bloodlines |
| 21:28 | Create | Steppe Lancer |
| 21:39 | Build | House |
| 21:43 | Create | Villager (Male) |
| 21:45 | Create | Villager (Male) |
| 21:56 | Create | Villager (Male) |
| 22:01 | Build | Farm |
| 22:01 | Build | Farm |
| 22:01 | Build | Farm |
| 22:02 | Build | Farm |
| 22:13 | Create | Villager (Male) |
| 22:20 | Build | Mining Camp |
| 22:21 | Create | Villager (Male) |
| 22:31 | Create | Villager (Male) |
| 22:37 | Build | House |
| 22:40 | Build | House |
| 22:42 | Create | Villager (Male) |
| 22:48 | Build | Stable |
| 22:51 | Create | Steppe Lancer |
| 23:02 | Build | Farm |
| 23:07 | Build | Farm |
| 23:09 | Create | Villager (Male) |
| 23:13 | Create | Villager (Male) |
| 23:14 | Create | Villager (Male) |
| 23:14 | Create | Villager (Male) |
| 23:15 | Create | Villager (Male) |
| 23:23 | Create | Villager (Male) |
| 23:37 | Build | Mining Camp |
| 23:38 | Create | Villager (Male) |
| 23:48 | Build | Stable |
| 23:50 | Create | Villager (Male) |
| 23:55 | Create | Villager (Male) |
| 23:58 | Build | Farm |
Build order — [Baratos] Rolerss3
First 150 of 498 actions detected
| 0:02 | Create | Villager (Male) |
| 0:02 | Create | Villager (Male) |
| 0:02 | Create | Villager (Male) |
| 0:08 | Build | House |
| 0:15 | Research | Loom |
| 0:17 | Build | House |
| 0:18 | Create | Villager (Male) |
| 0:18 | Create | Villager (Male) |
| 0:25 | Create | Villager (Male) |
| 0:25 | Create | Villager (Male) |
| 1:11 | Create | Villager (Male) |
| 1:11 | Create | Villager (Male) |
| 1:37 | Create | Villager (Male) |
| 1:37 | Create | Villager (Male) |
| 2:25 | Create | Villager (Male) |
| 2:25 | Create | Villager (Male) |
| 2:53 | Build | House |
| 2:55 | Create | Villager (Male) |
| 2:55 | Create | Villager (Male) |
| 3:22 | Build | House |
| 3:31 | Build | Lumber Camp |
| 3:40 | Create | Villager (Male) |
| 3:49 | Create | Villager (Male) |
| 4:10 | Create | Villager (Male) |
| 4:24 | Build | House |
| 4:35 | Create | Villager (Male) |
| 4:36 | Create | Villager (Male) |
| 5:03 | Create | Villager (Male) |
| 5:16 | Build | House |
| 5:22 | Create | Villager (Male) |
| 5:44 | Create | Villager (Male) |
| 6:01 | Create | Villager (Male) |
| 6:07 | Create | Villager (Male) |
| 6:57 | Build | Mining Camp |
| 7:12 | Create | Villager (Male) |
| 7:37 | Research | Feudal Age |
| 8:34 | Build | Dock |
| 8:54 | Build | Lumber Camp |
| 9:42 | Create | Fishing Ship |
| 9:55 | Age | Feudal Age |
| 10:12 | Create | Villager (Male) |
| 10:19 | Build | Blacksmith |
| 10:48 | Build | Mill |
| 10:55 | Create | Villager (Male) |
| 11:32 | Build | Market |
| 11:39 | Create | Villager (Male) |
| 12:08 | Create | Fishing Ship |
| 12:29 | Research | Castle Age |
| 12:35 | Build | Mining Camp |
| 12:44 | Create | Fishing Ship |
| 13:04 | Build | Barracks |
| 14:44 | Build | Stable |
| 14:52 | Research | Double-Bit Axe |
| 15:09 | Age | Castle Age |
| 15:14 | Build | Town Center |
| 16:05 | Create | Villager (Male) |
| 16:09 | Create | Villager (Male) |
| 16:13 | Build | Farm |
| 16:13 | Build | Farm |
| 16:13 | Build | Farm |
| 16:21 | Create | Villager (Male) |
| 16:22 | Create | Villager (Male) |
| 16:56 | Create | Knight |
| 17:12 | Build | Farm |
| 17:12 | Build | Farm |
| 17:12 | Build | Farm |
| 17:21 | Create | Villager (Male) |
| 17:21 | Create | Villager (Male) |
| 17:30 | Build | Farm |
| 17:38 | Build | Fish Trap |
| 18:05 | Create | Villager (Male) |
| 18:29 | Build | Castle |
| 18:35 | Create | Villager (Male) |
| 18:35 | Create | Villager (Male) |
| 18:38 | Build | Farm |
| 18:39 | Build | Farm |
| 18:39 | Build | Farm |
| 18:46 | Create | Villager (Male) |
| 19:03 | Build | Farm |
| 19:06 | Build | House |
| 19:11 | Build | House |
| 19:12 | Build | House |
| 19:12 | Build | House |
| 19:12 | Build | House |
| 19:12 | Build | House |
| 19:55 | Create | Knight |
| 20:33 | Create | Villager (Male) |
| 20:37 | Research | Wheelbarrow |
| 20:43 | Create | Centurion |
| 20:43 | Create | Centurion |
| 21:04 | Build | Siege Workshop |
| 21:17 | Create | Villager (Male) |
| 21:49 | Create | Villager (Male) |
| 21:50 | Create | Villager (Male) |
| 21:59 | Create | Villager (Male) |
| 22:00 | Create | Villager (Male) |
| 22:13 | Build | Town Center |
| 22:16 | Create | Villager (Male) |
| 22:16 | Create | Villager (Male) |
| 22:22 | Create | Villager (Male) |
| 22:22 | Create | Villager (Male) |
| 22:32 | Build | Mill |
| 22:33 | Build | Farm |
| 22:33 | Build | Farm |
| 22:33 | Build | Farm |
| 22:34 | Build | Farm |
| 22:34 | Build | Farm |
| 22:53 | Create | Centurion |
| 22:56 | Create | Villager (Male) |
| 22:56 | Create | Villager (Male) |
| 23:01 | Build | Farm |
| 23:01 | Build | Farm |
| 23:02 | Build | Farm |
| 23:02 | Build | Farm |
| 23:02 | Build | Farm |
| 23:02 | Build | Farm |
| 23:15 | Research | Horse Collar |
| 23:21 | Research | Gold Mining |
| 23:38 | Create | Scorpion |
| 23:38 | Create | Scorpion |
| 23:56 | Create | Villager (Male) |
| 23:56 | Create | Villager (Male) |
| 24:05 | Create | Centurion |
| 24:16 | Create | Battering Ram |
| 24:24 | Create | Villager (Male) |
| 24:24 | Create | Villager (Male) |
| 24:27 | Create | Villager (Male) |
| 24:27 | Create | Villager (Male) |
| 24:33 | Create | Villager (Male) |
| 24:33 | Create | Villager (Male) |
| 24:42 | Build | Farm |
| 24:42 | Build | Farm |
| 24:49 | Create | Villager (Male) |
| 24:55 | Build | Lumber Camp |
| 25:01 | Build | Mining Camp |
| 25:20 | Create | Scorpion |
| 25:26 | Create | Villager (Male) |
| 25:26 | Create | Villager (Male) |
| 25:31 | Create | Scorpion |
| 25:34 | Create | Villager (Male) |
| 25:45 | Create | Spearman |
| 26:12 | Create | Villager (Male) |
| 26:12 | Create | Villager (Male) |
| 26:34 | Build | Barracks |
| 26:43 | Create | Villager (Male) |
| 26:43 | Create | Villager (Male) |
| 26:44 | Create | Villager (Male) |
| 27:00 | Create | Centurion |
| 27:00 | Create | Centurion |
| 27:07 | Create | Centurion |
Build order — 2811046603
First 150 of 483 actions detected
| 0:19 | Create | Villager (Male) |
| 0:20 | Create | Villager (Male) |
| 0:20 | Create | Villager (Male) |
| 0:25 | Build | House |
| 1:02 | Build | House |
| 1:13 | Create | Villager (Male) |
| 1:31 | Create | Villager (Male) |
| 1:31 | Create | Villager (Male) |
| 1:48 | Build | House |
| 2:09 | Create | Villager (Male) |
| 2:09 | Create | Villager (Male) |
| 2:15 | Build | Lumber Camp |
| 3:15 | Build | House |
| 3:46 | Create | Villager (Male) |
| 3:46 | Create | Villager (Male) |
| 4:27 | Build | Mill |
| 4:33 | Create | Villager (Male) |
| 5:03 | Create | Villager (Male) |
| 5:49 | Create | Villager (Male) |
| 6:05 | Create | Villager (Male) |
| 6:35 | Create | Villager (Male) |
| 7:02 | Create | Villager (Male) |
| 7:23 | Build | Dock |
| 7:26 | Create | Villager (Male) |
| 7:29 | Research | Feudal Age |
| 7:30 | Research | Feudal Age |
| 8:01 | Build | House |
| 8:10 | Create | Fishing Ship |
| 8:23 | Build | Mining Camp |
| 8:32 | Build | House |
| 8:42 | Create | Villager (Male) |
| 9:39 | Age | Feudal Age |
| 9:48 | Build | Market |
| 9:56 | Create | Villager (Male) |
| 10:36 | Create | Villager (Male) |
| 10:53 | Build | Blacksmith |
| 10:56 | Create | Villager (Male) |
| 11:08 | Research | Double-Bit Axe |
| 11:27 | Build | Farm |
| 11:49 | Create | Villager (Male) |
| 12:01 | Build | Farm |
| 12:18 | Build | Farm |
| 12:31 | Research | Castle Age |
| 12:31 | Research | Castle Age |
| 12:53 | Build | Lumber Camp |
| 13:19 | Create | Demolition Raft |
| 14:14 | Build | Mining Camp |
| 14:25 | Research | Stone Mining |
| 14:41 | Research | Tech 906 |
| 15:11 | Age | Castle Age |
| 15:15 | Research | Wheelbarrow |
| 15:16 | Create | Villager (Male) |
| 15:46 | Build | Town Center |
| 15:59 | Research | Bow Saw |
| 16:06 | Build | Farm |
| 16:50 | Create | Villager (Male) |
| 17:05 | Build | Town Center |
| 17:24 | Create | Villager (Male) |
| 17:29 | Create | Villager (Male) |
| 17:31 | Create | Villager (Male) |
| 17:39 | Create | Villager (Male) |
| 17:42 | Create | Demolition Raft |
| 17:50 | Create | Fishing Ship |
| 18:00 | Create | Villager (Male) |
| 18:23 | Create | Demolition Raft |
| 18:29 | Build | Farm |
| 18:31 | Build | Farm |
| 18:33 | Build | Farm |
| 18:37 | Build | Farm |
| 18:39 | Build | Farm |
| 18:45 | Build | Farm |
| 18:47 | Create | Villager (Male) |
| 18:48 | Create | Villager (Male) |
| 18:56 | Build | House |
| 18:58 | Build | House |
| 19:21 | Research | Horse Collar |
| 19:21 | Research | Horse Collar |
| 19:27 | Build | Farm |
| 19:29 | Create | Villager (Male) |
| 19:31 | Create | Villager (Male) |
| 19:32 | Create | Villager (Male) |
| 19:47 | Build | Castle |
| 19:50 | Create | Villager (Male) |
| 19:55 | Create | Villager (Male) |
| 20:01 | Build | Farm |
| 20:05 | Build | Farm |
| 20:08 | Build | Farm |
| 20:09 | Create | Demolition Raft |
| 20:16 | Create | Fishing Ship |
| 20:32 | Build | Farm |
| 20:34 | Create | Villager (Male) |
| 20:35 | Create | Villager (Male) |
| 20:38 | Create | Villager (Male) |
| 20:42 | Build | House |
| 20:44 | Build | House |
| 21:12 | Create | Shotel Warrior |
| 21:16 | Build | Farm |
| 21:18 | Create | Shotel Warrior |
| 21:27 | Create | Villager (Male) |
| 21:28 | Create | Villager (Male) |
| 21:29 | Create | Villager (Male) |
| 21:49 | Create | Villager (Male) |
| 21:50 | Create | Villager (Male) |
| 21:51 | Create | Villager (Male) |
| 21:52 | Create | Villager (Male) |
| 22:03 | Build | Farm |
| 22:05 | Build | Farm |
| 22:06 | Build | Farm |
| 22:08 | Build | Farm |
| 22:11 | Create | Villager (Male) |
| 22:17 | Build | Farm |
| 22:19 | Create | Villager (Male) |
| 22:24 | Build | Farm |
| 22:30 | Build | Farm |
| 22:30 | Create | Villager (Male) |
| 22:31 | Create | Villager (Male) |
| 22:48 | Build | House |
| 22:56 | Build | Monastery |
| 23:09 | Create | Villager (Male) |
| 23:09 | Create | Villager (Male) |
| 23:11 | Create | Villager (Male) |
| 23:11 | Create | Villager (Male) |
| 23:13 | Build | Farm |
| 23:33 | Build | Mill |
| 23:40 | Build | Farm |
| 23:54 | Build | Farm |
| 23:55 | Create | Monk |
| 24:02 | Research | Gold Mining |
| 24:16 | Build | Farm |
| 24:21 | Create | Villager (Male) |
| 24:22 | Create | Villager (Male) |
| 24:25 | Create | Villager (Male) |
| 24:27 | Create | Villager (Male) |
| 24:29 | Create | Villager (Male) |
| 24:30 | Create | Villager (Male) |
| 24:31 | Create | Shotel Warrior |
| 24:31 | Create | Shotel Warrior |
| 24:39 | Create | Shotel Warrior |
| 24:39 | Create | Shotel Warrior |
| 24:51 | Research | Scale Mail Armor |
| 24:52 | Research | Forging |
| 25:24 | Build | Farm |
| 25:26 | Create | Villager (Male) |
| 25:28 | Create | Villager (Male) |
| 25:30 | Create | Villager (Male) |
| 25:35 | Build | House |
| 25:49 | Create | Villager (Male) |
| 25:54 | Research | Hand Cart |
| 26:08 | Build | House |
| 26:09 | Build | House |
Match timeline
| 4:26 | Xiweb · first_building Dock |
| 6:16 | Fekir · wall_segment Palisade Wall x1 |
| 6:29 | Fekir · wall_segment Palisade Wall x9 |
| 7:23 | 2811046603 · first_building Dock |
| 7:50 | VL AlverthXIII · wall_segment Palisade Wall x1 |
| 8:34 | [Baratos] Rolerss3 · first_building Dock |
| 8:41 | Low Income Barony · first_building Barracks |
| 9:07 | xNFTxNeMeziZGT · first_building Barracks |
| 9:08 | Xiweb · first_building Barracks |
| 9:14 | Fekir · wall_segment Palisade Wall x1 |
| 9:19 | Fekir · wall_segment Palisade Wall x3 |
| 9:39 | 2811046603 · age_up feudal |
| 9:43 | Low Income Barony · age_up feudal |
| 9:55 | [Baratos] Rolerss3 · age_up feudal |
| 10:00 | Xiweb · wall_segment Palisade Wall x6 |
| 10:13 | Xiweb · wall_segment Palisade Wall x8 |
| 10:15 | Fekir · wall_segment Palisade Wall x1 |
| 10:17 | Fekir · wall_segment Palisade Wall x3 |
| 10:28 | VL AlverthXIII · age_up feudal |
| 10:34 | Xiweb · age_up feudal |
| 10:40 | VL AlverthXIII · first_building Stable |
| 11:01 | Low Income Barony · wall_segment Stone Wall x14 |
| 11:05 | Xiweb · first_building Stable |
| 11:22 | Low Income Barony · first_market_sell 100 stone |
| 11:23 | Low Income Barony · first_market_buy 100 food |
| 11:44 | Low Income Barony · first_building Dock |
| 12:34 | xNFTxNeMeziZGT · first_building Dock |
| 13:04 | [Baratos] Rolerss3 · first_building Barracks |
| 13:12 | xNFTxLethalZGT · first_market_buy 100 food |
| 13:38 | xNFTxLethalZGT · first_market_sell 100 wood |
| 14:44 | [Baratos] Rolerss3 · first_building Stable |
| 15:03 | Fekir · first_building Barracks |
| 15:09 | [Baratos] Rolerss3 · age_up castle |
| 15:11 | 2811046603 · age_up castle |
| 15:11 | 2811046603 · first_market_buy 100 food |
| 15:13 | VL AlverthXIII · first_building Dock |
| 15:38 | Low Income Barony · age_up castle |
| 16:09 | Xiweb · age_up castle |
| 16:26 | Fekir · age_up feudal |
| 17:07 | Low Income Barony · first_building Stable |
| 17:19 | [Baratos] Rolerss3 · first_market_buy 100 food |
| 18:12 | xNFTxLethalZGT · first_building Barracks |
| 18:29 | [Baratos] Rolerss3 · first_building Castle |
| 19:08 | xNFTxLethalZGT · first_building Stable |
| 19:23 | xNFTxNeMeziZGT · first_building Archery Range |
| 19:47 | 2811046603 · first_building Castle |
| 20:18 | Xiweb · first_building Castle |
| 20:39 | xNFTxLethalZGT · first_building Monastery |
| 21:04 | [Baratos] Rolerss3 · first_building Siege Workshop |
| 21:21 | xNFTxNeMeziZGT · first_building Castle |
| 21:29 | xNFTxNeMeziZGT · first_market_buy 100 stone |
| 22:29 | Low Income Barony · wall_segment Stone Wall x19 |
| 22:38 | VL AlverthXIII · age_up castle |
| 22:42 | VL AlverthXIII · first_building Monastery |
| 22:56 | 2811046603 · first_building Monastery |
| 23:50 | xNFTxLethalZGT · first_building Castle |
| 24:01 | Fekir · first_building Stable |
| 24:30 | Low Income Barony · first_building Monastery |
| 25:16 | Low Income Barony · wall_segment Stone Wall x1 |
| 25:37 | Fekir · wall_segment Stone Wall x9 |
| 26:05 | Fekir · wall_segment Stone Wall x4 |
| 26:49 | 2811046603 · first_building Barracks |
| 26:57 | Fekir · wall_segment Stone Wall x4 |
| 28:45 | VL AlverthXIII · first_building Barracks |
| 29:18 | VL AlverthXIII · first_building Castle |
| 29:49 | VL AlverthXIII · first_building Siege Workshop |
| 30:01 | Low Income Barony · first_building Castle |
| 30:37 | 2811046603 · age_up imperial |
| 31:35 | VL AlverthXIII · age_up imperial |
| 32:27 | [Baratos] Rolerss3 · age_up imperial |
| 32:56 | Xiweb · first_market_sell 100 food |
| 34:00 | Low Income Barony · age_up imperial |
| 34:22 | VL AlverthXIII · first_market_sell 100 wood |
| 34:26 | VL AlverthXIII · first_market_buy 100 stone |
| 35:15 | Fekir · wall_segment Stone Wall x2 |
| 35:19 | Fekir · age_up castle |
| 36:04 | Fekir · first_building Castle |
| 36:59 | Xiweb · first_building Monastery |
| 37:14 | Xiweb · age_up imperial |
| 39:43 | Xiweb · first_market_buy 100 wood |
| 39:54 | Xiweb · first_building Archery Range |
| 49:20 | Fekir · first_building Monastery |
| 50:46 | xNFTxNeMeziZGT · first_market_sell 100 food |
| 52:45 | VL AlverthXIII · resign |
| 53:46 | Fekir · first_building Siege Workshop |
| 55:06 | Fekir · age_up imperial |
[ AI ANALYSIS · 1 CREDIT ]
What really happened in this match?
Wolo.gg analyzes every decision: build order, eco, micro, common mistakes by bracket. Personalized analysis on WhatsApp or Discord in 30 seconds.
Civ guide
Vietnamese
Perfil
Jugador #13963209